| TOP OF THE 1ST |
|
Sacramento River Cats batting - Pitching for Las Vegas 51s : RHP Austin Kuhn
|
|
Pitching: RHP Austin Kuhn
|
|
|
Batting: LHB Ryan Braden
|
0-0: Fly out, F8 (Flyball, 8RM, EV 90.6 MPH)
|
|
Batting: LHB Willie Ceniceros
|
0-0: Called Strike 0-1: Swinging Strike 0-2: Ball 1-2: Ground out 4-3 (Groundball, 4, EV 82.5 MPH)
|
|
Batting: RHB Brian Rogers
|
0-0: Called Strike 0-1: Ground out 1-3 (Groundball, 15, EV 69.4 MPH)
|
| Top of the 1st over - 0 runs, 0 hits, 0 errors, 0 left on base; Sacramento 0 - Las Vegas 0 |
| BOTTOM OF THE 1ST |
|
Las Vegas 51s batting - Pitching for Sacramento River Cats : RHP Dave Crouch
|
|
Pitching: RHP Dave Crouch
|
|
|
Batting: RHB Finn Ross
|
0-0: Foul Ball, location: 2F 0-1: SINGLE (Line Drive, 9S, EV 100.6 MPH)
|
|
Batting: SHB Jason Larson
|
0-0: Ball 1-0: 2-RUN HOME RUN (Flyball, 9LD, EV 93.8 MPH), Distance : 346 ft
|
|
Batting: RHB Josh Jones
|
0-0: Swinging Strike 0-1: Foul Ball, location: 2F 0-2: Ball 1-2: Ball 2-2: Fly out, F8 (Flyball, 8RD, EV 103.1 MPH)
|
|
Batting: SHB Harrison Feist
|
0-0: Called Strike 0-1: Called Strike 0-2: Ball 1-2: Ground out U3 (Groundball, 3, EV 89.4 MPH)
|
|
Batting: LHB Bill Armijo
|
0-0: Reached on error, E5 (Groundball, 56, EV 85.0 MPH)
|
|
Batting: RHB Ken Fitzpatrick
|
0-0: Ball 1-0: Ball 2-0: Called Strike 2-1: Fly out, F7 (Flyball, 7, EV 80.0 MPH)
|
| Bottom of the 1st over - 2 runs, 2 hits, 1 error, 1 left on base; Sacramento 0 - Las Vegas 2 |
| TOP OF THE 2ND |
|
Sacramento River Cats batting - Pitching for Las Vegas 51s : RHP Austin Kuhn
|
|
Batting: LHB Tom Best
|
0-0: Ball 1-0: Called Strike 1-1: Called Strike 1-2: Ball 2-2: Strikes out swinging
|
|
Batting: LHB Kevin Kantor
|
0-0: SINGLE (Groundball, 4M, EV 86.2 MPH) (infield hit)
|
|
Batting: LHB Jared Paige
|
0-0: Called Strike 0-1: Ball 1-1: Called Strike Kevin Kantor steals 2nd base (no throw) 1-2: Ball 2-2: Foul Ball, location: 2F 2-2: Strikes out swinging
|
|
Batting: RHB Justin Baldwin
|
0-0: Foul Ball, location: 2F 0-1: Fly out, F8 (Flyball, 8LD, EV 85.6 MPH)
|
| Top of the 2nd over - 0 runs, 1 hit, 0 errors, 1 left on base; Sacramento 0 - Las Vegas 2 |
| BOTTOM OF THE 2ND |
|
Las Vegas 51s batting - Pitching for Sacramento River Cats : RHP Dave Crouch
|
|
Batting: SHB Nelson Powell
|
0-0: Called Strike 0-1: Called Strike 0-2: Ball 1-2: Ground out 1-3 (Groundball, 25, EV 69.4 MPH)
|
|
Batting: RHB Devine Adams
|
0-0: Called Strike 0-1: Foul Ball, location: 2F 0-2: Fly out, F6 (Line Drive, 6M, EV 71.2 MPH)
|
|
Batting: RHB Roger Renteria
|
0-0: Swinging Strike 0-1: Ball 1-1: Foul Ball, location: 2F 1-2: Ball 2-2: Ball 3-2: Foul Ball, location: 2F 3-2: Strikes out swinging
|
| Bottom of the 2nd over - 0 runs, 0 hits, 0 errors, 0 left on base; Sacramento 0 - Las Vegas 2 |
| TOP OF THE 3RD |
|
Sacramento River Cats batting - Pitching for Las Vegas 51s : RHP Austin Kuhn
|
|
Batting: RHB Nick Wicker
|
0-0: Foul Ball, location: 2F 0-1: Called Strike 0-2: Ball 1-2: Strikes out swinging
|
|
Batting: RHB Dave Crouch
|
0-0: Ball 1-0: Called Strike 1-1: Foul Ball, location: 2F 1-2: Foul Ball, location: 2F 1-2: Ball 2-2: Ball 3-2: Base on Balls
|
|
Batting: LHB Ryan Braden
|
0-0: Called Strike 0-1: Fly out, F9 (Flyball, 9, EV 85.0 MPH)
|
|
Batting: LHB Willie Ceniceros
|
0-0: Foul Ball, location: 2F 0-1: Foul Ball, location: 2F 0-2: Ball 1-2: Strikes out swinging
|
| Top of the 3rd over - 0 runs, 0 hits, 0 errors, 1 left on base; Sacramento 0 - Las Vegas 2 |
| BOTTOM OF THE 3RD |
|
Las Vegas 51s batting - Pitching for Sacramento River Cats : RHP Dave Crouch
|
|
Batting: RHB Finn Ross
|
0-0: Ball 1-0: Ground out 6-3 (Groundball, 6, EV 78.8 MPH)
|
|
Batting: SHB Jason Larson
|
0-0: Ball 1-0: Ball 2-0: Ball 3-0: Base on Balls
|
|
Batting: RHB Josh Jones
|
0-0: Called Strike 0-1: Called Strike Jason Larson steals 2nd base (no throw) 0-2: Fly out, F7 (Flyball, 78D, EV 95.0 MPH)
|
|
Batting: SHB Harrison Feist
|
0-0: Ball 1-0: Ball 2-0: Ball 3-0: Called Strike 3-1: Base on Balls
|
|
Batting: LHB Bill Armijo
|
0-0: SINGLE (Line Drive, 78S, EV 96.2 MPH) Jason Larson to third Harrison Feist to second Runner from 3rd tries for Home, SAFE, throw by LF to home
|
|
Batting: RHB Ken Fitzpatrick
|
0-0: Ball 1-0: Called Strike 1-1: Ball 2-1: SINGLE (Line Drive, 8LS, EV 106.9 MPH) Harrison Feist to third Bill Armijo to second
|
|
Batting: SHB Nelson Powell
|
0-0: Ball 1-0: Swinging Strike 1-1: SINGLE (Flyball, 78S, EV 88.1 MPH) Harrison Feist scores Bill Armijo to third Ken Fitzpatrick to second Runner from 3rd tries for Home, throw by LF and OUT! 7-2
|
| Bottom of the 3rd over - 2 runs, 3 hits, 0 errors, 2 left on base; Sacramento 0 - Las Vegas 4 |
| TOP OF THE 4TH |
|
Sacramento River Cats batting - Pitching for Las Vegas 51s : RHP Austin Kuhn
|
|
Batting: RHB Brian Rogers
|
0-0: Foul Ball, location: 2F 0-1: Ball 1-1: Ball 2-1: Ball 3-1: Base on Balls
|
|
Batting: LHB Tom Best
|
0-0: Called Strike Brian Rogers steals 2nd base 0-1: Ball 1-1: Ball 2-1: Called Strike 2-2: Ball 3-2: Base on Balls
|
|
Batting: LHB Kevin Kantor
|
0-0: Ball 1-0: Foul Ball, location: 2F 1-1: 3-RUN HOME RUN (Flyball, 9D, EV 98.8 MPH), Distance : 381 ft
|
|
Batting: LHB Jared Paige
|
0-0: Ball 1-0: Fly out, F8 (Flyball, 8RXD, EV 102.5 MPH)
|
|
Batting: RHB Justin Baldwin
|
0-0: Foul Ball, location: 2F 0-1: Foul Ball, location: 2F 0-2: Ball 1-2: Ball 2-2: Ball 3-2: Base on Balls
|
|
Batting: RHB Nick Wicker
|
0-0: Ball 1-0: Fly out, F9 (Flyball, 9D, EV 93.8 MPH)
|
|
Batting: RHB Dave Crouch
|
0-0: Called Strike 0-1: Called Strike 0-2: Ball 1-2: Fielders Choice at 2nd, 6-4 (Groundball, 6, EV 93.8 MPH)
|
| Top of the 4th over - 3 runs, 1 hit, 0 errors, 1 left on base; Sacramento 3 - Las Vegas 4 |
| BOTTOM OF THE 4TH |
|
Las Vegas 51s batting - Pitching for Sacramento River Cats : RHP Dave Crouch
|
|
Batting: RHB Devine Adams
|
0-0: Ball 1-0: Swinging Strike 1-1: Fly out, F8 (Flyball, 89M, EV 93.8 MPH)
|
|
Batting: RHB Roger Renteria
|
0-0: Swinging Strike 0-1: Ball 1-1: Called Strike 1-2: Foul Ball, location: 2F 1-2: Fly out, F9 (Flyball, 9, EV 98.1 MPH)
|
|
Batting: RHB Finn Ross
|
0-0: Ball 1-0: Foul Ball, location: 2F 1-1: Ball 2-1: Ball 3-1: Fly out, F5 (Popup, 15S, EV 85.6 MPH)
|
| Bottom of the 4th over - 0 runs, 0 hits, 0 errors, 0 left on base; Sacramento 3 - Las Vegas 4 |
| TOP OF THE 5TH |
|
Sacramento River Cats batting - Pitching for Las Vegas 51s : RHP Austin Kuhn
|
|
Batting: LHB Ryan Braden
|
0-0: Called Strike 0-1: Foul Ball, location: 2F 0-2: Foul Ball, location: 2F 0-2: Ball 1-2: Ball 2-2: Foul Ball, location: 2F 2-2: Foul Ball, location: 2F 2-2: DOUBLE (Line Drive, 89XD, EV 103.1 MPH)
|
|
Batting: LHB Willie Ceniceros
|
0-0: Ball 1-0: Ball 2-0: Ball 3-0: Called Strike 3-1: Base on Balls
|
|
Batting: RHB Brian Rogers
|
0-0: Called Strike 0-1: Ball 1-1: Called Strike 1-2: Foul Ball, location: 2F 1-2: Strikes out swinging
|
|
Batting: LHB Tom Best
|
0-0: Swinging Strike 0-1: Ball 1-1: Foul Ball, location: 2F 1-2: Strikes out swinging
|
|
Batting: LHB Kevin Kantor
|
0-0: Ball 1-0: SINGLE (Line Drive, 5D, EV 97.5 MPH) Ryan Braden to third Willie Ceniceros to second Runner from 3rd tries for Home, SAFE, throw by LF to home
|
|
Batting: LHB Jared Paige
|
0-0: Ball 1-0: Called Strike 1-1: Foul Ball, location: 2F 1-2: Ball 2-2: Ball Wild Pitch! Willie Ceniceros to third Kevin Kantor to second 3-2: Base on Balls
|
|
Batting: RHB Justin Baldwin
|
0-0: Fly out, F6 (Line Drive, 6, EV 63.1 MPH)
|
| Top of the 5th over - 1 run, 2 hits, 0 errors, 3 left on base; Sacramento 4 - Las Vegas 4 |
| BOTTOM OF THE 5TH |
|
Las Vegas 51s batting - Pitching for Sacramento River Cats : RHP Dave Crouch
|
|
Batting: SHB Jason Larson
|
0-0: Foul Ball, location: 2F 0-1: Ball 1-1: Ball 2-1: Called Strike 2-2: Strikes out swinging
|
|
Batting: RHB Josh Jones
|
0-0: Called Strike 0-1: Ball 1-1: Foul Ball, location: 2F 1-2: Strikes out swinging, 2-3 out at first.
|
|
Batting: SHB Harrison Feist
|
0-0: Ground out 4-3 (Groundball, 34D, EV 100.6 MPH)
|
| Bottom of the 5th over - 0 runs, 0 hits, 0 errors, 0 left on base; Sacramento 4 - Las Vegas 4 |
| TOP OF THE 6TH |
|
Sacramento River Cats batting - Pitching for Las Vegas 51s : RHP Austin Kuhn
|
|
Batting: RHB Nick Wicker
|
0-0: Ball 1-0: Ball 2-0: Ball 3-0: Called Strike 3-1: Foul Ball, location: 2F 3-2: Foul Ball, location: 2F 3-2: Base on Balls
|
|
Batting: RHB Dave Crouch
|
0-0: Ball 1-0: Foul Ball, location: 2F 1-1: Called Strike 1-2: Foul Ball, location: 2F 1-2: Foul Ball, location: 2F 1-2: Ball 2-2: Strikes out looking
|
|
Pitching: RHP Jason Vulich
|
|
|
Batting: LHB Ryan Braden
|
0-0: Ball 1-0: Ball 2-0: Grounds into double play, 6-4-3 (Groundball, 6, EV 97.5 MPH)
|
| Top of the 6th over - 0 runs, 0 hits, 0 errors, 0 left on base; Sacramento 4 - Las Vegas 4 |
| BOTTOM OF THE 6TH |
|
Las Vegas 51s batting - Pitching for Sacramento River Cats : RHP Dave Crouch
|
|
Batting: LHB Bill Armijo
|
0-0: SINGLE (Groundball, 56D, EV 103.1 MPH)
|
|
Batting: RHB Ken Fitzpatrick
|
0-0: Called Strike 0-1: Ball 1-1: Foul Ball, location: 2F 1-2: Fly out, F8 (Flyball, 8LD, EV 103.8 MPH)
|
|
Batting: SHB Nelson Powell
|
0-0: Called Strike 0-1: Ball 1-1: Foul Ball, location: 2F 1-2: Ball 2-2: Foul Ball, location: 2F 2-2: Foul Ball, location: 2F 2-2: SINGLE (Groundball, 25, EV 65.6 MPH) (infield hit) Bill Armijo to second
|
|
Batting: RHB Devine Adams
|
0-0: Reached via error on a dropped throw from 2B, E6 (Groundball, 4MS, EV 88.1 MPH) Bill Armijo to third Nelson Powell to second
|
|
Batting: RHB Roger Renteria
|
0-0: Called Strike 0-1: Ball 1-1: Foul Ball, location: 2F 1-2: Grounds into fielders choice 5-2 (Groundball, 25, EV 71.9 MPH) Nelson Powell to third Devine Adams to second
|
|
Batting: RHB Finn Ross
|
0-0: Called Strike 0-1: Called Strike 0-2: Foul Ball, location: 2F 0-2: Fly out, F8 (Flyball, 89M, EV 93.1 MPH)
|
| Bottom of the 6th over - 0 runs, 2 hits, 1 error, 3 left on base; Sacramento 4 - Las Vegas 4 |
| TOP OF THE 7TH |
|
Sacramento River Cats batting - Pitching for Las Vegas 51s : RHP Jason Vulich
|
|
Batting: LHB Willie Ceniceros
|
0-0: Fly out, F8 (Flyball, 8LS, EV 93.8 MPH)
|
|
Batting: RHB Brian Rogers
|
0-0: Swinging Strike 0-1: Ball 1-1: Foul Ball, location: 2F 1-2: Ground out 5-3 (Groundball, 56S, EV 89.4 MPH)
|
|
Batting: LHB Tom Best
|
0-0: Ball 1-0: Foul Ball, location: 2F 1-1: Ball 2-1: Ball 3-1: Ground out U3 (Groundball, 3L, EV 81.2 MPH)
|
| Top of the 7th over - 0 runs, 0 hits, 0 errors, 0 left on base; Sacramento 4 - Las Vegas 4 |
| BOTTOM OF THE 7TH |
|
Las Vegas 51s batting - Pitching for Sacramento River Cats : RHP Dave Crouch
|
|
Batting: SHB Jason Larson
|
0-0: Foul Ball, location: 2F 0-1: Foul Ball, location: 2F 0-2: SOLO HOME RUN (Line Drive, 89XD, EV 103.8 MPH), Distance : 423 ft
|
|
Pitching: RHP Doug Kennie
|
|
|
Batting: RHB Josh Jones
|
0-0: Called Strike 0-1: Ball 1-1: Ball 2-1: Called Strike 2-2: DOUBLE (Flyball, 8RXD, EV 101.2 MPH)
|
|
Batting: SHB Harrison Feist
|
0-0: Called Strike 0-1: Ball 1-1: Fly out, F7 (Flyball, 78D, EV 88.8 MPH) Runner from 2nd tags up, SAFE at 3rd with throw by LF
|
|
Batting: LHB Bill Armijo
|
0-0: Intentional Walk
|
|
Batting: RHB Ken Fitzpatrick
|
0-0: Ground out 6-3 (Groundball, 56, EV 84.4 MPH) Bill Armijo to second
|
|
Batting: SHB Nelson Powell
|
0-0: Intentional Walk
|
|
Batting: RHB Devine Adams
|
0-0: Ball 1-0: Ground out 4-3 (Groundball, 4, EV 87.5 MPH)
|
| Bottom of the 7th over - 1 run, 2 hits, 0 errors, 3 left on base; Sacramento 4 - Las Vegas 5 |
| TOP OF THE 8TH |
|
Sacramento River Cats batting - Pitching for Las Vegas 51s : RHP Jason Vulich
|
|
Batting: LHB Kevin Kantor
|
0-0: Fly out, F8 (Flyball, 8LXD, EV 108.1 MPH)
|
|
Pitching: LHP Jonathan Gendron
|
|
|
Pinch Hitting: RHB Hugo Zacarias
|
0-0: Called Strike 0-1: Swinging Strike 0-2: Ball 1-2: Strikes out swinging
|
|
Batting: RHB Justin Baldwin
|
0-0: Called Strike 0-1: Foul Ball, location: 2F 0-2: Ground out 6-3 (Groundball, 6, EV 86.2 MPH)
|
| Top of the 8th over - 0 runs, 0 hits, 0 errors, 0 left on base; Sacramento 4 - Las Vegas 5 |
| BOTTOM OF THE 8TH |
|
Las Vegas 51s batting - Pitching for Sacramento River Cats : RHP Doug Kennie
|
|
Now in LF: Hugo Zacarias
|
|
|
Batting: RHB Roger Renteria
|
0-0: Called Strike 0-1: Foul Ball, location: 2F 0-2: SINGLE (Line Drive, 7S, EV 97.5 MPH)
|
|
Batting: RHB Finn Ross
|
0-0: Bunt missed! 0-1: Sac Bunt to P - play at first, batter OUT! 1-3 Roger Renteria to second
|
|
Batting: SHB Jason Larson
|
0-0: Ground out 6-3 (Groundball, 6, EV 86.9 MPH) Roger Renteria to third
|
|
Batting: RHB Josh Jones
|
0-0: Intentional Walk
|
|
Batting: SHB Harrison Feist
|
0-0: SINGLE (Groundball, 4D, EV 94.4 MPH) Roger Renteria scores Josh Jones to second Runner from 2nd tries for 3rd, SAFE, no throw by CF
|
|
Pitching: LHP Adam Ody
|
|
|
Batting: LHB Bill Armijo
|
0-0: Ball 1-0: Ball 2-0: Ball 3-0: Base on Balls Harrison Feist to second
|
|
Batting: RHB Ken Fitzpatrick
|
0-0: Called Strike 0-1: Foul Ball, location: 2F 0-2: Ball 1-2: Ball 2-2: Foul Ball, location: 2F 2-2: Strikes out swinging
|
| Bottom of the 8th over - 1 run, 2 hits, 0 errors, 3 left on base; Sacramento 4 - Las Vegas 6 |
| TOP OF THE 9TH |
|
Sacramento River Cats batting - Pitching for Las Vegas 51s : LHP Jonathan Gendron
|
|
Pitching: LHP Ken Dewey
|
|
|
Now at 1B: Roger Renteria
|
|
|
Now at 3B: Alex Vasquez
|
|
|
Batting: RHB Nick Wicker
|
0-0: Ball 1-0: Called Strike 1-1: Ground out 4-3 (Groundball, 4, EV 82.5 MPH)
|
|
Batting: RHB Dave Crouch
|
0-0: Called Strike 0-1: Ball 1-1: Ground out 6-3 (Groundball, 6, EV 104.4 MPH)
|
|
Batting: LHB Ryan Braden
|
0-0: Ball 1-0: Ground out 5-3 (Groundball, 56S, EV 73.1 MPH)
|
| Top of the 9th over - 0 runs, 0 hits, 0 errors, 0 left on base; Sacramento 4 - Las Vegas 6 |
|